 Dungeon Sprint DCSS version 0.18-a0-1784-ga939a68 (webtiles) character file.

2224 Kidiri the Covert (level 9, 0/43 (46) HPs)
             Began as a Spriggan Enchanter on Apr 18, 2016.
             Was an Initiate of Dithmenos.
             Succumbed to a death drake's dark miasma
             ... in the Dungeon (Sprint II: "The Violet Keep of Menkaure").
             The game lasted 00:06:29 (1281 turns).

Kidiri the Covert (Spriggan Enchanter)              Turns: 1281, Time: 00:06:31

HP:   0/43 (46)     AC:  3    Str:  2      XL:     9   Next: 13%
MP:   31/33         EV: 28    Int: 20 (21) God:    Dithmenos [......]
Gold: 279           SH:  3    Dex: 17 (18) Spells: 5 memorised, 17 levels left

rFire  . . .     SeeInvis +     a - +1 dagger
rCold  . . .     Gourm    .     b - +1 robe
rNeg   . . .     Faith    .     (shield restricted)
rPois  .         Spirit   .     (helmet restricted)
rElec  .         Dismiss  .     (no cloak)
rCorr  .         Reflect  +     (gloves unavailable)
SustAt .         Harm     .     (boots unavailable)
MR     +....     NoTele   +     f - +3 amulet of reflection (curse)
Stlth  ++++++....               (no ring)
                                h - ring "Qamurokh" {MP+9 Int+3}

@: lethally poisoned (0 -> -37), slowed, quick, somewhat resistant to hostile
enchantments, very stealthy
A: unfitting armour, horns 1, see invisible, deformed body, deterioration 2,
herbivore 3, speed 3, screaming 1, shaggy fur 1, slow metabolism 2, weak 1
a: Renounce Religion


You were in the Dungeon.
You worshipped Dithmenos.
Dithmenos was noncommittal.
You were not hungry.

You visited 1 branch You collected 1053 gold pieces.
You spent 774 gold pieces at shops.

Inventory:

Hand Weapons
 a - a +1 dagger (weapon)
Armour
 b - a +1 robe (worn)
Jewellery
 f - a cursed +3 amulet of reflection (around neck)
 h - the ring "Qamurokh" (left hand) {MP+9 Int+3}
   (You bought it in a shop in the Dungeon)

   [ring of magical power]

   It affects your intelligence (+3).
   It affects your magic capacity (+9).
Scrolls
 e - a scroll of identify {unknown}
 j - a scroll of blinking
Potions
 g - a potion of haste
Books
 c - a book of Maledictions

   Spells                             Type                      Level
   a - Corona                         Hexes                        1
   b - Ensorcelled Hibernation        Hexes/Ice                    2
   c - Confuse                        Hexes                        3
   d - Tukima's Dance                 Hexes                        3
   e - Dazzling Spray                 Conjuration/Hexes            3
Comestibles
 d - a bread ration


   Skills:
 + Level 4.6 Fighting
 * Level 9.2 Short Blades
 + Level 4.2 Armour
 * Level 12.0 Dodging
 * Level 13.1 Stealth
 * Level 10.5 Spellcasting
 + Level 3.9 Conjurations
 + Level 7.9 Hexes
 + Level 4.1 Ice Magic
 + Level 0.0 Invocations


You had 17 spell levels left.
You knew the following spells:

 Your Spells              Type           Power        Failure   Level  Hunger
a - Corona                Hex            #####..      1%          1    None
b - Ensorcelled Hibernat  Hex/Ice        ####..       1%          2    None
c - Confuse               Hex            #####...     1%          3    None
d - Tukima's Dance        Hex            #####...     1%          3    None
e - Dazzling Spray        Conj/Hex       ####....     1%          3    None


Dungeon Overview and Level Annotations

Branches:
Dungeon (1/1)

Altars:
Cheibriados
Dithmenos
Elyvilon
Fedhas
Gozag
Kikubaaqudgha
Makhleb
Nemelex Xobeh
Okawaru
Pakellas
Qazlal
Ru
Sif Muna
Trog
Vehumet
Xom
Yredelemnul
Zin
The Shining One
Beogh
Jiyva
Lugonu

Shops:
D :?!=:%(=[!?%!}[}

Annotations:
D exclusions: oklob plant and skeletal warrior, Kirke, Roxanne


Innate Abilities, Weirdness & Mutations

You are tiny and cannot use many weapons and most armour.
You have supernaturally acute eyesight.
You are a herbivore.
You cover ground extremely quickly.
You need consume almost no food.
You have a pair of small horns on your head.
Armour fits poorly on your strangely shaped body.
Your body often deteriorates upon taking damage.
You occasionally shout uncontrollably at your foes.
You are covered in fur (AC +1).
You are weak. (Str -2)


Message History

Confirm with . or Enter, or press ? or * to list all spells.
Aiming: Ensorcelled Hibernation
Press: ? - help, Shift-Dir - straight line, f - swamp drake
Aim: a swamp drake (hasn't noticed you, chance to defeat MR: 64%)
The swamp drake roars!
The swamp drake looks drowsy...
You hear a roar!
The death drake breathes miasma at you. The foul vapour engulfs you!
You are poisoned.
You feel yourself slow down.
* * * LOW HITPOINT WARNING * * *
Your body deteriorates!
You feel dopey.
A death drake comes into view.
You are engulfed in dark miasma.
You are more poisoned.
You feel your flesh rotting away!
You feel as though you will be slow longer.
* * * LOW HITPOINT WARNING * * *
Your body deteriorates!
You feel clumsy.
You die...

++#+++## .......# .. k
##+##..# #. k #.#.##.####
+.##. ..#..#....# ...####
##.#####..## #(.##.# ??!
##'###.##..# +..#)%#▓!)%?$
##.##...#..# #kk#..#▓?[(($$
'.<.'.##+..####.@##§#▓!()()(
##.##...#....###§§§##▓▓▓▓▓▓▓
##'###.##......§§§§§≈≈≈≈≈≈≈≈
#.#.####†≈.....§#+########+#
.###.#≈§§§≈≈≈..≈#....._._#≈§
#.#.##≈≈≈≈≈≈≈§.≈#...._._.#≈§
##+##≈≈≈≈§§§≈≈≈≈#..._._._#≈§
≈≈≈≈≈≈≈≈§§§§≈§≈≈#.._._._.#§§
++#+++#≈≈≈≈§§≈≈≈#._._._._#§§


You could see 2 death drakes and 2 swamp drakes.

Vanquished Creatures
  A yaktaur (D)
  3 polar bears (D)
  4 neqoxecs (D)
  2 hippogriffs (D)
  A wasp (D)
  4 necrophages (D)
  A crocodile (D)
  4 worker ants (D)
20 creatures vanquished.

Vanquished Creatures (others)
  Menkaure (D)
  A crocodile (D)
  A hell rat (D)
3 creatures vanquished.

Grand Total: 23 creatures vanquished

Notes
Turn   | Place    | Note
--------------------------------------------------------------
     0 | D        | Kidiri the Spriggan Enchanter began the quest for the Orb.
     0 | D        | Reached XP level 1. HP: 9/9 MP: 5/5
     1 | D        | Noticed a hippogriff
     1 | D        | Noticed a hippogriff
    21 | D        | Killed Menkaure
   138 | D        | Noticed a worker ant
   138 | D        | Noticed a worker ant
   140 | D        | Noticed a worker ant
   140 | D        | Noticed a worker ant
   151 | D        | Killed a worker ant
   151 | D        | Reached skill level 1 in Fighting
   151 | D        | Reached skill level 5 in Stealth
   151 | D        | Reached XP level 2. HP: 14/14 MP: 3/7
   152 | D        | Reached skill level 1 in Armour
   152 | D        | Reached skill level 5 in Dodging
   152 | D        | Reached skill level 6 in Stealth
   152 | D        | Reached XP level 3. HP: 18/18 MP: 3/9
   156 | D        | Reached XP level 4. HP: 22/22 MP: 3/11
   165 | D        | Killed a crocodile
   187 | D        | Reached skill level 7 in Stealth
   187 | D        | Reached skill level 5 in Spellcasting
   204 | D        | Learned a level 2 spell: Ensorcelled Hibernation
   208 | D        | Learned a level 3 spell: Confuse
   212 | D        | Learned a level 3 spell: Tukima's Dance
   216 | D        | Learned a level 3 spell: Dazzling Spray
   340 | D        | Killed a hippogriff
   340 | D        | Reached skill level 5 in Short Blades
   340 | D        | Reached skill level 8 in Stealth
   340 | D        | Reached skill level 1 in Conjurations
   340 | D        | Reached skill level 5 in Hexes
   340 | D        | Reached skill level 1 in Ice Magic
   340 | D        | Reached XP level 5. HP: 27/27 MP: 8/14
   342 | D        | Killed a hippogriff
   342 | D        | Reached skill level 9 in Stealth
   342 | D        | Reached XP level 6. HP: 32/32 MP: 6/17
   363 | D        | Noticed a neqoxec
   363 | D        | Noticed a neqoxec
   363 | D        | Noticed a neqoxec
   363 | D        | Noticed a neqoxec
   365 | D        | Gained mutation: You are weak. (Str -2) [a neqoxec]
   379 | D        | Killed a neqoxec
   379 | D        | Reached skill level 10 in Stealth
   403 | D        | Killed a neqoxec
   403 | D        | Reached XP level 7. HP: 29/36 MP: 12/19
   406 | D        | Killed a neqoxec
   406 | D        | Reached skill level 10 in Dodging
   406 | D        | Reached skill level 11 in Stealth
   407 | D        | Gained mutation: Armour fits poorly on your strangely shaped body. [a neqoxec]
   411 | D        | Gained mutation: You occasionally shout uncontrollably at your foes. [a neqoxec]
   429 | D        | Noticed an orange crystal statue
   436 | D        | Gained mutation: Your body sometimes deteriorates upon taking damage. [a neqoxec]
   448 | D        | Gained mutation: Your body often deteriorates upon taking damage. [a neqoxec]
   453 | D        | Gained mutation: You have a pair of small horns on your head. [a neqoxec]
   454 | D        | Gained mutation: You are covered in fur (AC +1). [a neqoxec]
   457 | D        | Gained mutation: You are robust (+10% HP). [a neqoxec]
   467 | D        | Lost mutation: You are robust (+10% HP). [a neqoxec]
   469 | D        | Killed a neqoxec
   571 | D        | Reached XP level 8. HP: 19/40 MP: 1/22
   577 | D        | Found Liunam's Gadget Shop.
   746 | D        | Noticed Roxanne
   749 | D        | Noticed Kirke
   749 | D        | Noticed a kobold demonologist
   749 | D        | Noticed a skeletal warrior
   750 | D        | Reached skill level 12 in Stealth
   771 | D        | Found Daclih Vaew's Antique Armour Boutique.
   772 | D        | Found Kosos's Distillery.
   772 | D        | Found Tallet Zuruq's Food Shop.
   773 | D        | Found Wicsylli's Distillery.
   773 | D        | Found Otyreg's Antique Armour Boutique.
   774 | D        | Found Virhar's Food Boutique.
   774 | D        | Found Zeoxymeisen's Book Shop.
  1068 | D        | Found Nouzext's Distillery.
  1068 | D        | Found Uharch's Jewellery Shop.
  1068 | D        | Found Qiodek's Magic Scroll Boutique.
  1069 | D        | Found Muhuaf's Magic Scroll Shop.
  1069 | D        | Found Kuotuoh's Jewellery Boutique.
  1069 | D        | Noticed a shining eye
  1070 | D        | Found Zigenah's Gadget Shop.
  1070 | D        | Found Moalleug's Antique Weapon Boutique.
  1072 | D        | Noticed a shining eye
  1072 | D        | Noticed a shining eye
  1072 | D        | Noticed an oklob plant
  1073 | D        | Found Gaeneps's Book Shoppe.
  1075 | D        | Noticed a spiny frog
  1076 | D        | Noticed a spiny frog
  1101 | D        | Bought a cursed +3 amulet of reflection for 308 gold pieces
  1101 | D        | Bought the ring "Qamurokh" {MP+9 Int+3} for 466 gold pieces
  1135 | D        | Found a burning altar of Makhleb.
  1136 | D        | Found an oddly glowing altar of Pakellas.
  1137 | D        | Found an iron altar of Okawaru.
  1137 | D        | Found a shadowy altar of Dithmenos.
  1137 | D        | Found a glowing silver altar of Zin.
  1138 | D        | Found an ancient bone altar of Kikubaaqudgha.
  1138 | D        | Found a roughly hewn altar of Beogh.
  1138 | D        | Found a white marble altar of Elyvilon.
  1139 | D        | Found a sacrificial altar of Ru.
  1139 | D        | Found a corrupted altar of Lugonu.
  1139 | D        | Found a stormy altar of Qazlal.
  1140 | D        | Found a bloodstained altar of Trog.
  1140 | D        | Found a viscous altar of Jiyva.
  1141 | D        | Found a basalt altar of Yredelemnul.
  1141 | D        | Found an opulent altar of Gozag.
  1141 | D        | Found a blossoming altar of Fedhas.
  1142 | D        | Noticed a yaktaur
  1142 | D        | Noticed a polar bear
  1143 | D        | Noticed a polar bear
  1143 | D        | Noticed a polar bear
  1144 | D        | Killed a polar bear
  1152 | D        | Killed a yaktaur
  1152 | D        | Reached skill level 10 in Spellcasting
  1155 | D        | Killed a polar bear
  1155 | D        | Reached XP level 9. HP: 4/44 MP: 23/24
  1158 | D        | Killed a polar bear
  1158 | D        | Reached skill level 13 in Stealth
  1200 | D        | Found a snail-covered altar of Cheibriados.
  1202 | D        | Found a shimmering altar of Xom.
  1202 | D        | Found a radiant altar of Vehumet.
  1202 | D        | Found a glowing golden altar of the Shining One.
  1203 | D        | Found a sparkling altar of Nemelex Xobeh.
  1203 | D        | Found a deep blue altar of Sif Muna.
  1208 | D        | Became a worshipper of Dithmenos the Shadowed
  1273 | D        | Noticed a death drake
  1281 | D        | Noticed a death drake
  1281 | D        | Succumbed to a death drake's dark miasma

Vault maps used:
D:        the_violet_keep_of_menkaure

Skill      XL: |  1  2  3  4  5  6  7  8  9 |
---------------+----------------------------+-----
Fighting       | 1 2 3 4 |  4.6
Short Blades   | 2 3 5 6 7 9 |  9.2
Dodging        | 4 5 7 8 9 10 11 12 | 12.0
Stealth        | 5 6 8 9 10 11 12 13 | 13.1
Spellcasting   | 3 4 6 7 8 9 10 | 10.5
Hexes          | 4 5 6 7 |  7.9
Armour         | 1 2 3 4 |  4.2
Conjurations   | 1 2 3 |  3.9
Ice Magic      | 1 2 3 4 |  4.1

Action                   |  1- 3 |  4- 6 |  7- 9 || total
-------------------------+-------+-------+-------++-------
Melee: Dagger            |    12 |    36 |    97 ||   145
       Headbutt          |       |       |    11 ||    11
 Cast: Corona            |     2 |     3 |     3 ||     8
       Ensorcelled Hiber |       |    11 |     9 ||    20
       Dazzling Spray    |       |     3 |    10 ||    13
  Use: Potion            |     1 |     3 |     1 ||     5
 Stab: Sleeping          |     2 |     4 |     4 ||    10
       Invisible         |       |     1 |     5 ||     6
Armor: Robe              |       |     6 |     6 ||    12
Dodge: Dodged            |    16 |    52 |    95 ||   163
Block: Other             |       |       |     2 ||     2
